Map: Ruins of Seras

Players

True

  • Race: Zerg Zerg

Neeb - Winner!

  • Race: Protoss Protoss
  • League: Grandmaster

VOD

Have the link to the VOD?

Description

Time

  • Played on: Dec. 14, 2015, 5:10 p.m.
  • Length: 26:00
Show
View Real Time Build Order
Export as new Build Order

True Zerg 

Build Orders: 3 Hatch before Pool 

Get SALT Encoding   

  12  0:01  Drone  
  13  0:12  Overlord  
  13  0:18  Drone  
  14  0:31  Drone x2  
  14  0:34  Drone  
  17  0:53  Hatchery  
  16  0:57  Drone  
  16  1:04  Drone  
  18  1:20  Hatchery  
  18  1:23  Drone  
  18  1:36  Spawning Pool  
  18  1:39  Drone  
  18  1:41  Extractor  
  18  1:44  Drone  
  18  1:48  Drone  
  18  1:51  Drone  
  20  2:06  Drone x2  
  22  2:11  Drone  
  23  2:15  Drone  
  24  2:23  Queen  
  24  2:24  Queen  
  28  2:34  Queen  
  30  2:41  Metabolic Boost  
  30  2:44  Zergling x2  
  30  2:47  Zergling x2  
  30  2:49  Overlord  
  32  2:52  Drone  
  32  2:54  Drone  
  34  3:03  Overlord  
  34  3:08  Drone x4  
  38  3:19  Zergling x2  
  40  3:20  Zergling x6  
  40  3:21  Drone x2  
  40  3:22  Drone  
  45  3:27  Queen  
  45  3:30  Drone  
  45  3:32  Drone  
  49  3:35  Drone  
  49  3:41  Drone  
  49  3:44  Overlord  
  50  3:50  Overlord  
  50  4:00  Overlord  
  50  4:01  Queen x2  
  54  4:05  Drone x3  
  54  4:07  Drone  
  58  4:10  Drone x4  
  58  4:11  Drone x2  
  58  4:12  Drone  
  58  4:15  Drone  
  66  4:18  Overlord  
  66  4:30  Drone  
  66  4:31  Drone x6  
  70  4:35  Extractor  
  70  4:36  Extractor  
  69  4:38  Drone x2  
  69  4:39  Drone  
  69  4:40  Zergling x2  
  69  4:41  Zergling x4  
  75  4:47  Zergling x8  
  75  4:48  Zergling x2  
  75  4:49  Zergling x2  
  75  4:50  Zergling x2  
  75  4:52  Overlord  
  81  4:56  Overlord  
  81  5:00  Overlord  
  81  5:02  Overlord  
  81  5:06  Lair  
  81  5:07  Overlord  
  81  5:09  Overlord  
  81  5:10  Overlord  
  81  5:11  Zergling x2  
  82  5:15  Zergling x6  
  82  5:18  Zergling x4  
  82  5:19  Queen x2  
  91  5:21  Zergling x2  
  91  5:22  Zergling x4  
  91  5:25  Zergling x6  
  91  5:27  Zergling x2  
  98  5:33  Zergling x2  
  97  5:37  Zergling x4  
  97  5:41  Spine Crawler  
  97  5:42  Spine Crawler x2  
  94  5:43  Zergling x2  
  94  5:46  Zergling x2  
  94  5:47  Zergling x2  
  94  5:49  Zergling x4  
  92  5:50  Zergling x2  
  92  5:52  Zergling x2  
  92  5:54  Zergling x2  
  92  5:56  Zergling x2  
  87  5:57  Zergling x2  
  87  5:58  Zergling x4  
  87  5:59  Zergling x4  
  85  6:04  Zergling x2  
  85  6:07  Zergling x2  
  85  6:09  Queen x2  
  85  6:11  Queen, Zergling x2  
  86  6:15  Zergling x2  
  88  6:19  Zergling x2  
  88  6:20  Zergling x2  
  89  6:27  Spire  
  89  6:30  Extractor  
  87  6:33  Drone, Extractor x2  
  87  6:34  Drone  
  87  6:35  Drone  
  87  6:37  Drone x2  
  87  6:38  Drone x4  
  93  6:41  Drone x2  
  93  6:43  Drone x2  
  93  6:45  Drone  
  96  6:59  Drone x3  
  96  7:00  Hatchery  
  98  7:01  Drone x4  
  102  7:10  Overseer  
  102  7:20  Drone x3  
  102  7:21  Drone x5  
  110  7:32  Hatchery  
  109  7:38  Overlord x3  
  109  7:42  Zerg Flyer Weapons Level 1  
  109  7:44  Mutalisk x6  
  109  7:47  Mutalisk  
  109  7:49  Mutalisk  
  125  7:53  Mutalisk  
  125  7:54  Mutalisk, Extractor  
  128  8:01  Mutalisk x3  
  128  8:03  Mutalisk  
  128  8:04  Extractor  
  135  8:06  Mutalisk  
  135  8:09  Mutalisk  
  135  8:11  Mutalisk  
  141  8:15  Mutalisk  
  141  8:18  Mutalisk  
  138  8:26  Mutalisk  
  137  8:31  Mutalisk  
  137  8:34  Zergling x18  
  142  8:37  Mutalisk  
  148  8:44  Mutalisk  
  150  8:49  Mutalisk  
  150  8:53  Zergling x18  
  150  8:54  Zergling x2  
  160  8:56  Mutalisk  
  160  8:58  Overlord  
  160  9:01  Overlord  
  162  9:04  Overlord  
  162  9:05  Mutalisk  
  162  9:08  Mutalisk  
  164  9:13  Overlord  
  164  9:14  Mutalisk  
  164  9:16  Overlord  
  165  9:20  Mutalisk  
  167  9:29  Mutalisk  
  167  9:30  Zergling x6  
  167  9:31  Zergling x6  
  175  9:33  Mutalisk  
  175  9:37  Mutalisk  
  179  9:42  Zergling x22  
  178  9:46  Queen  
  178  9:48  Mutalisk  
  178  9:49  Zergling x2  
  169  9:53  Mutalisk  
  156  10:08  Zergling x6  
  156  10:09  Zergling x14  
  156  10:12  Zergling x2  
  164  10:16  Zergling x8  
  164  10:18  Zergling x2  
  159  10:21  Zergling x2  
  159  10:28  Zergling x2  
  57  11:13  Extractor  
  56  11:19  Drone x3  
  54  11:53  Drone x3  
  54  11:54  Drone  
  57  12:02  Extractor  
  56  12:09  Hatchery  
  52  13:26  Drone  
  53  13:32  Drone  
  54  13:53  Drone  
  54  13:54  Drone  
  56  14:06  Drone  
  57  14:21  Drone  
  58  14:31  Drone  
  59  14:49  Drone x2  
  61  15:05  Drone  
  62  15:09  Drone  
  63  15:37  Hatchery  
  59  15:43  Drone  
  60  16:04  Drone  
  60  16:11  Drone  
  60  16:16  Drone  
  61  16:24  Drone  
  62  16:31  Drone  
  63  16:41  Drone  
  64  16:52  Drone x2  
  62  16:57  Spawning Pool  
  61  17:06  Drone  
  61  17:07  Drone  
  59  17:31  Drone  
  59  17:32  Drone x4  
  59  17:36  Drone  
  63  17:53  Queen  
  63  17:54  Queen  
  63  17:56  Zergling x2  
  63  17:57  Zergling x6  
  71  18:04  Zergling x2  
  72  18:14  Zergling x2  
  73  18:20  Zergling x4  
  75  18:27  Zergling x4  
  77  18:35  Hatchery  
  74  18:44  Drone  
  74  18:45  Lair  
  75  18:53  Drone  
  75  18:54  Drone x2  
  78  19:09  Drone x3  
  82  19:10  Drone  
  82  19:16  Drone x2  
  84  19:17  Spore Crawler  
  84  19:22  Drone  
  84  19:24  Drone x2  
  86  19:32  Zergling x6  
  86  19:38  Drone  
  90  19:50  Drone  
  91  19:55  Hatchery x2, Drone x4, Hydralisk Den  
  92  20:01  Drone, Extractor, Queen  
  94  20:12  Drone  
  95  20:15  Drone  
  96  20:21  Evolution Chamber  
  96  20:24  Lurker Den  
  96  20:28  Drone x4  
  99  20:30  Infestation Pit  
  99  20:32  Extractor  
  99  20:33  Drone  
  99  20:34  Drone x5  
  104  20:35  Drone x2  
  104  20:37  Drone  
  104  20:40  Drone x2  
  104  20:42  Drone  
  109  20:47  Zerg Missile Weapons Level 1  
  109  20:50  Drone x2  
  108  21:12  Hydralisk x4  
  108  21:18  Hive  
  87  21:24  Hydralisk  
  74  21:26  Pathogen Glands  
  74  21:27  Drone x2  
  74  21:29  Drone x3  
  74  21:32  Spore Crawler  
  78  21:38  Hydralisk  
  80  21:43  Spore Crawler, Hydralisk x2  
  80  21:44  Hydralisk  
  80  21:46  Drone  
  80  21:47  Drone  
  87  21:48  Drone  
  87  21:51  Drone x2  
  90  21:56  Hydralisk x2  
  90  21:59  Hydralisk  
  94  22:06  Muscular Augments  
  94  22:07  Drone  
  94  22:08  Drone  
  72  22:18  Drone x5  
  72  22:20  Drone  
  72  22:25  Spore Crawler  
  72  22:28  Drone x3  
  71  22:31  Drone x3  
  71  22:33  Spore Crawler  
  71  22:34  Spore Crawler  
  71  22:35  Drone  
  57  22:44  Drone x3  
  57  22:46  Spore Crawler  
  57  22:51  Drone  
  55  22:53  Drone x5  
  55  22:54  Spore Crawler  
  55  22:56  Drone x2, Extractor x2  
  57  22:59  Drone  
  57  23:04  Drone, Hydralisk x2  
  59  23:07  Drone x2  
  59  23:11  Drone  
  59  23:12  Extractor  
  61  23:13  Drone, Extractor  
  61  23:14  Drone  
  62  23:21  Lurker  
  62  23:23  Drone  
  64  23:29  Drone  
  64  23:30  Drone  
  64  23:31  Queen  
  64  23:32  Extractor  
  64  23:33  Drone, Extractor  
  64  23:34  Drone x2  
  68  23:37  Spore Crawler  
  68  23:39  Drone  
  58  23:44  Drone x2  
  58  23:46  Drone  
  58  23:47  Drone  
  58  23:57  Hydralisk  
  58  23:58  Hydralisk  
  58  24:02  Viper  
  62  24:06  Queen  
  65  24:12  Hydralisk Den  
  53  24:18  Viper  
  53  24:20  Drone x2  
  53  24:22  Viper  
  61  24:25  Drone x4  
  66  24:31  Drone  
  66  24:32  Drone  
  66  24:34  Drone  
  69  24:38  Drone  
  69  24:45  Hydralisk  
  71  24:47  Hydralisk x2  
  71  24:49  Hatchery  
  74  24:54  Hydralisk  
  74  24:56  Hydralisk  
  74  24:58  Hydralisk  
  80  25:03  Hydralisk  
  80  25:05  Hydralisk  
  80  25:06  Hydralisk  
  80  25:09  Hydralisk  
  80  25:14  Hydralisk  
  67  25:18  Hydralisk  
  67  25:24  Hydralisk  
  67  25:30  Hydralisk  
Show
View Real Time Build Order
Export as new Build Order

Neeb Protoss - Winner!

Build Orders: 1 Gate Expand, Zealot Archon 

Get SALT Encoding   

  12  0:01  Probe (Chrono Boost)  
  13  0:11  Probe (Chrono Boost)  
  14  0:18  Pylon  
  14  0:22  Probe (Chrono Boost)  
  15  0:36  Probe (Chrono Boost)  
  15  0:39  Gateway  
  16  0:47  Probe (Chrono Boost)  
  17  0:58  Probe (Chrono Boost)  
  18  1:08  Probe (Chrono Boost)  
  19  1:16  Nexus  
  19  1:19  Probe (Chrono Boost)  
  20  1:30  Cybernetics Core  
  20  1:33  Probe (Chrono Boost)  
  21  1:40  Assimilator  
  21  1:44  Probe (Chrono Boost)  
  22  1:47  Assimilator  
  22  1:53  Pylon  
  22  1:55  Probe (Chrono Boost)  
  23  2:11  Probe (Chrono Boost)  
  23  2:13  Adept (Chrono Boost)  
  26  2:23  Probe  
  26  2:27  Probe (Chrono Boost), Warp Gate  
  28  2:35  Probe (Chrono Boost)  
  29  2:39  Probe (Chrono Boost)  
  29  2:40  Stalker  
  32  2:46  Probe (Chrono Boost)  
  32  2:49  Probe (Chrono Boost), Robotics Facility  
  34  2:54  Twilight Council  
  34  2:56  Probe (Chrono Boost)  
  35  3:00  Probe (Chrono Boost)  
  36  3:07  Probe (Chrono Boost)  
  36  3:10  Probe (Chrono Boost)  
  38  3:18  Probe (Chrono Boost)  
  39  3:20  Robotics Facility  
  39  3:21  Probe (Chrono Boost)  
  40  3:28  Probe (Chrono Boost), Pylon  
  40  3:30  Resonating Glaives (Chrono Boost)  
  40  3:31  Probe (Chrono Boost)  
  42  3:38  Probe (Chrono Boost)  
  42  3:41  Probe (Chrono Boost)  
  43  3:47  Gateway  
  42  3:49  Gateway  
  42  3:50  Probe  
  42  3:51  Gateway, Probe  
  44  3:58  Gateway  
  44  4:02  Gateway  
  44  4:07  Warp Prism (Chrono Boost)  
  44  4:09  Probe  
  47  4:11  Probe  
  47  4:16  Assimilator  
  48  4:20  Assimilator  
  48  4:21  Probe  
  51  4:24  Mothership Core  
  51  4:30  Pylon x2  
  51  4:33  Probe  
  50  4:46  Pylon  
  50  4:48  Probe x2  
  52  5:02  Pylon  
  52  5:06  Pylon  
  52  5:08  Adept x4  
  52  5:09  Blink  
  60  5:15  Probe  
  60  5:16  Probe  
  62  5:27  Probe  
  63  5:31  Adept x4  
  63  5:32  Adept x2  
  63  5:35  Probe  
  72  5:40  Probe  
  69  5:47  Probe  
  70  5:51  Nexus  
  70  5:52  Probe, Adept  
  70  5:53  Adept  
  70  5:54  Pylon  
  75  5:59  Probe  
  75  6:04  Probe  
  73  6:08  Adept x3, Pylon  
  75  6:12  Adept  
  69  6:21  Probe  
  69  6:23  Sentry  
  69  6:24  Sentry  
  69  6:25  Probe  
  75  6:26  Forge  
  75  6:28  Pylon  
  75  6:30  Pylon  
  75  6:31  Observer (Chrono Boost)  
  76  6:33  Probe  
  76  6:37  Probe  
  78  6:45  Probe  
  77  6:49  Templar Archives, Probe  
  77  6:53  Immortal (Chrono Boost)  
  82  6:55  Stalker x3  
  82  6:56  Stalker  
  82  6:59  Probe  
  82  7:01  Probe  
  92  7:06  Probe, Assimilator  
  93  7:08  Assimilator  
  93  7:16  Protoss Ground Weapons Level 1 (Chrono Boost)  
  93  7:17  Pylon  
  93  7:20  Adept  
  95  7:26  High Templar x4  
  103  7:32  Pylon  
  103  7:34  Archon x2  
  103  7:37  Stalker  
  106  7:44  Stalker, Probe x2, Pylon  
  106  7:49  Pylon  
  109  7:59  Adept x2, Pylon, High Templar x2  
  109  8:00  Adept  
  109  8:04  Archon  
  119  8:09  Gateway x2  
  119  8:10  Gateway  
  119  8:13  Gateway  
  119  8:18  Photon Cannon  
  119  8:19  Photon Cannon  
  119  8:22  Photon Cannon  
  119  8:23  Warp Prism  
  119  8:31  Stalker x2, High Templar x2  
  119  8:32  Stalker  
  129  8:35  Archon  
  129  8:45  Stalker  
  131  8:59  Stalker x3  
  135  9:05  Stalker  
  135  9:06  Stalker x4  
  145  9:22  Pylon  
  145  9:35  Stalker x2, High Templar x2  
  145  9:36  Stalker x3  
  159  9:42  Archon  
  159  9:48  Stalker x3  
  165  9:59  Stalker, Adept x3  
  168  10:00  Stalker  
  157  10:17  Photon Cannon  
  157  10:20  Photon Cannon  
  157  10:21  Photon Cannon  
  157  10:23  Photon Cannon  
  157  10:32  Photon Cannon  
  111  11:18  Pylon  
  106  11:22  Pylon  
  84  11:53  Nexus  
  77  12:38  Pylon  
  77  13:26  Pylon  
  77  13:30  Pylon  
  75  13:50  Cybernetics Core  
  75  13:54  Pylon  
  75  14:22  Pylon  
  75  14:24  Pylon  
  75  14:25  Pylon  
  75  14:27  Pylon  
  75  14:41  Protoss Air Weapons Level 1  
  75  14:49  Pylon  
  75  14:50  Pylon  
  75  15:05  Mothership Core  
  77  15:25  Probe  
  77  15:26  Stargate  
  78  15:31  Assimilator  
  77  15:36  Probe  
  78  15:46  Probe  
  79  15:57  Probe  
  72  16:09  Probe, Phoenix (Chrono Boost)  
  75  16:13  Assimilator  
  75  16:20  Assimilator  
  75  16:21  Probe  
  75  16:23  Pylon  
  76  16:32  Phoenix (Chrono Boost)  
  78  16:33  Probe  
  79  16:45  Probe  
  80  16:53  Phoenix (Chrono Boost)  
  78  16:57  Probe  
  79  17:09  Probe  
  79  17:15  Phoenix (Chrono Boost)  
  82  17:21  Probe  
  81  17:33  Probe  
  81  17:35  Pylon  
  84  17:37  Phoenix (Chrono Boost)  
  84  17:40  Pylon  
  84  17:45  Probe  
  83  17:58  Phoenix (Chrono Boost)  
  83  18:00  Stargate  
  83  18:19  Stargate  
  83  18:22  Phoenix (Chrono Boost)  
  85  18:31  Probe  
  82  18:42  Nexus  
  82  18:49  Phoenix (Chrono Boost)  
  82  18:52  Probe  
  85  19:05  Probe  
  85  19:07  Phoenix (Chrono Boost)  
  88  19:16  Phoenix (Chrono Boost)  
  90  19:18  Probe  
  91  19:25  Pylon  
  91  19:30  Probe  
  94  19:39  Phoenix (Chrono Boost)  
  94  19:44  Assimilator  
  94  19:48  Probe  
  94  19:49  Assimilator  
  95  19:53  Probe  
  95  19:59  Phoenix (Chrono Boost)  
  98  20:02  Probe  
  98  20:03  Probe  
  100  20:17  Probe  
  100  20:19  Probe  
  100  20:20  Phoenix (Chrono Boost)  
  104  20:30  Phoenix (Chrono Boost)  
  104  20:32  Probe  
  104  20:34  Probe  
  108  20:54  Phoenix (Chrono Boost)  
  112  20:58  Phoenix (Chrono Boost)  
  112  21:15  Probe x2  
  98  21:27  Probe x2  
  98  21:32  Gateway, Pylon  
  98  21:33  Gateway  
  98  21:36  Gateway  
  98  21:38  Probe (Chrono Boost)  
  98  21:39  Probe (Chrono Boost)  
  100  21:50  Probe (Chrono Boost)  
  100  21:51  Gateway  
  100  21:52  Gateway  
  101  21:54  Gateway  
  101  21:56  Probe (Chrono Boost)  
  102  22:11  Phoenix x2  
  106  22:16  Probe x2 (Chrono Boost)  
  106  22:22  Robotics Facility  
  108  22:27  Probe (Chrono Boost)  
  109  22:38  Probe (Chrono Boost)  
  110  22:49  Probe (Chrono Boost)  
  111  22:59  Nexus  
  111  23:00  Pylon  
  111  23:09  Observer  
  112  23:14  Probe x2 (Chrono Boost), Robotics Bay, Robotics Facility  
  112  23:19  Stalker x3, Pylon  
  120  23:24  Probe x2 (Chrono Boost)  
  122  23:31  Observer  
  123  23:35  Probe (Chrono Boost)  
  122  23:45  Probe x2 (Chrono Boost)  
  124  23:55  Probe (Chrono Boost)  
  125  24:00  Disruptor (Chrono Boost)  
  125  24:02  Disruptor (Chrono Boost)  
  131  24:05  Probe (Chrono Boost)  
  131  24:06  Probe (Chrono Boost), Assimilator  
  133  24:10  Assimilator  
  133  24:16  Probe (Chrono Boost)  
  132  24:20  Mothership Core (Chrono Boost)  
  132  24:21  Probe (Chrono Boost)  
  135  24:26  Probe (Chrono Boost)  
  136  24:31  Pylon  
  136  24:35  Forge  
  136  24:36  Disruptor (Chrono Boost)  
  136  24:38  Disruptor (Chrono Boost)  
  140  25:00  Stalker x5  
  148  25:07  Disruptor (Chrono Boost)  
  148  25:09  Disruptor (Chrono Boost)  
  146  25:32  Twilight Council  
  146  25:33  Pylon  
Tags
 
Add a new tag
Caveats
  • Supply blocks, unpowered buildings, or Contaminate may cause inaccurate times.
  • Supply counts are checked every 10 seconds.